 Dungeon Crawl Stone Soup version 0.14-a0-2359-g1e808ab (webtiles) character file.

496548 Egon the Slayer (level 23, 0/236 HPs)
             Began as a Green Draconian Berserker on Jan 30, 2014.
             Was the Champion of Trog.
             Slain by a vault warden
             ... wielding a +0,+1 great mace of draining
              (18 damage)
             ... on Level 5 of the Vaults on Feb 1, 2014.
             The game lasted 07:08:34 (72852 turns).

Egon the Slayer (Green Draconian Berserker)        Turns: 72852, Time: 07:08:35

HP   0/236       AC 20     Str 24      XL: 23   Next: 58%
MP  29/34        EV 34     Int  7      God: Trog [******]
Gold 5898        SH 35     Dex 29      Spells:  0 memorised, 22 levels left

rFire  . . .     SeeInvis +     a - +7,+10 broad axe of Beh Uwun {flame, Dex+3}
rCold  . . .     Clarity  .     (armour unavailable)
rNeg   + . .     Conserve +     o - +2 shield {rN+}
rPois  +         rCorr    +     F - +2 hat
rElec  .         rRot     .     O - +2 cloak {rCorr, Cons}
SustAb . .       Spirit   .     A - +2 pair of gloves {Dex+3}
rMut   .         Warding  .     p - +0 pair of orc boots
Saprov . . .     Stasis   .     (no amulet)
MR     +++..                    v - ring of see invisible
                                n - +4 ring of dexterity

@: regenerating, studying Fighting, very slightly contaminated, hasted, very
quick, extremely resistant to hostile enchantments, unstealthy
A: breathe noxious fumes, unfitting armour, stinger 1, poison resistance, slow
healing 1, strong 1, AC +11
a: Breathe Noxious Fumes, Burn Spellbooks, Berserk, Trog's Hand, Brothers in
Arms, Renounce Religion
}: 3/15 runes: barnacled, silver, gossamer


You were on level 5 of the Vaults.
You worshipped Trog.
Trog was exalted by your worship.
You were very hungry.

You visited 8 branches of the dungeon, and saw 50 of its levels.
You also visited: Labyrinth.

You collected 6199 gold pieces.
You spent 301 gold pieces at shops.

Inventory:

Hand weapons
 a - the +7,+10 broad axe of Beh Uwun (weapon) {flame, Dex+3}
   (You took it off a minotaur in a labyrinth)

   It emits flame when wielded, causing extra injury to most foes and up to
   double damage against particularly susceptible opponents.
   Big, fiery blades are also staple armaments of hydra-hunters.
   It affects your dexterity (+3).
 b - the +3,+6 war axe of Kla Long {chop, MR++ Dex+4}
   (Trog gifted it to you on level 3 of the Orcish Mines)

   It inflicts extra damage upon your enemies.
   It affects your dexterity (+4).
   It affects your resistance to hostile enchantments.
 c - the -2,+13 war axe of Citwoaci {holy, +Inv}
   (Trog gifted it to you on level 1 of the Depths)

   It has been blessed by the Shining One to cause great damage to the undead
   and demons.
   It lets you turn invisible.
 l - a +3,+4 broad axe of electrocution
 P - the +3,+10 longbow of Bryona {frost, *Tele +Blink +Fly MR++ Str+1, unknown}
   (You took it off a vault guard on level 5 of the Vaults)

   It turns projectiles fired from it into bolts of frost.
   It affects your strength (+1).
   It affects your resistance to hostile enchantments.
   It lets you fly.
   It lets you blink.
   It causes random teleportation.
 Q - the +3,+4 dagger "Kiwyisum" {stab, +Blink, unknown}
   (You found it on level 5 of the Vaults)

   It inflicts extra damage upon your enemies.
   It lets you blink.
Armour
 o - a +2 shield of positive energy (worn)
 p - a +0 pair of orcish boots (worn)
 A - a +2 pair of gloves of dexterity (worn)
 F - a +2 hat (worn)
 O - a +2 cloak of preservation (worn)
Magical devices
 d - a wand of cold (10)
 e - a wand of hasting (4)
 f - a wand of digging (12)
 t - a wand of confusion (8)
 K - a wand of slowing (8)
Comestibles
 s - 11 bread rations
 z - 2 meat rations
Scrolls
 x - a scroll of remove curse
 y - a scroll of enchant weapon II
 I - 3 scrolls of identify
 X - a scroll of magic mapping
Jewellery
 n - a +4 ring of dexterity (left hand)
 q - an uncursed amulet of stasis
 r - an uncursed ring of protection from fire
 v - a ring of see invisible (right hand)
 C - the ring "Trosiu" {+Fly rF- Dam-1}
   (You found it on level 5 of the Shoals)

   [ring of flight]

   It affects your damage with ranged weapons and melee attacks (-1).
   It makes you vulnerable to fire.
 D - an uncursed ring of positive energy
 J - an uncursed ring of protection from cold
 N - an uncursed ring of sustain abilities
 T - the ring of Clesusaa {+cTele Dex+3, unknown}
   (You took it off a vault warden on level 5 of the Vaults)

   [ring of teleport control]

   It affects your dexterity (+3).
Potions
 h - 2 potions of might
 j - 6 potions of curing
 k - a potion of agility
 u - a potion of brilliance
 B - a potion of resistance
 G - a potion of restore abilities
 L - a potion of magic
 S - a potion of lignification
Books
 H - a manual of Fighting
Miscellaneous
 w - a fan of gales
 E - a fan of gales
 M - a legendary deck of war
 R - a sack of spiders
 Z - a phial of floods (inert)


   Skills:
 + Level 26.1 Fighting
 - Level 19.4 Axes
 + Level 18.9 Dodging
 - Level 16.6 Shields
 - Level 11.1 Evocations


You had 22 spell levels left.
You didn't know any spells.

Dungeon Overview and Level Annotations

Branches:
Dungeon (16/16)            Temple (1/1) D:7             Orc (4/4) D:11
    Elf (0/3) Orc:3          Lair (8/8) D:8          Shoals (5/5) Lair:5
 Spider (5/5) Lair:6        Slime (0/6) Lair:6       Vaults (5/5) D:15
  Blade (0/1) Vaults:3      Crypt (0/5) Vaults:2        Zot (0/5) Depths:6
 Depths (6/6) D:16

Altars:
Ashenzari
Cheibriados
Dithmengos
Elyvilon
Fedhas
Kikubaaqudgha
Makhleb
Nemelex Xobeh
Okawaru
Sif Muna
Trog
Vehumet
Xom
Yredelemnul
Zin
The Shining One

Shops:
Orc:4 ?!%(!   Shoals:3 ?   Vaults:2 :   Depths:3 [   Depths:6 %

Portals:
Hell: Depths:1 Depths:2 Depths:3 Depths:4 Depths:5 Depths:6
Abyss: Depths:1 Depths:4
Pandemonium: Depths:3 Depths:6
Ziggurat: Depths:4

Annotations:
Lair:6 exclusion: 3 oklob plants


Innate Abilities, Weirdness & Mutations

You can breathe blasts of noxious fumes.
Your lurid green scales are hard (AC +11).
Your body does not fit into most forms of armour.
Your cold-blooded metabolism reacts poorly to cold.
Your tail ends in a poisonous barb.
Your system is resistant to poisons.
You heal slowly when monsters are visible.
Your muscles are strong. (Str +2)


Message History

You block the stone giant's attack.
Unknown command.
Unknown command.
Drink which item? (? for menu, Esc to quit)
You feel better. The ynoxinul gestures at you. You block the iron shot.
You block the orc high priest's attack. The stone giant completely misses you.
The vault warden splashes around in the water.
The crystal golem glitters, brittle, in the dim dungeon light.
The orc high priest invokes the aid of Beogh against you.
Something smites you!
* * * LOW HITPOINT WARNING * * *
The orc splashes around in the water.
Drink which item? (? for menu, Esc to quit)
You feel yourself speed up.
The ynoxinul gestures.
You block the stone giant's attack.
The vault warden hits you with a runed great mace!
You die...

#....# . #...#. #....# [..#
#....#. #....# ....# D...##.
#....# .$$}# ...###. #....# ...)#
###....##. #....#
##.!%####CD#....#. #....#
#38§..##[T.(#...#. #....#
#oo§..#oDXC.(# #. #....#
#@oH.H#.)...(# #. #....#..#
#@C3§o.o#D..:## #. #.)..#..#
#E§TC#....#.*## #. #....#..###
#....###.)..#####. #. #....#....
.@...## #§........ #.
...........C...# ##........ #.
.......#########################.
..<<........%....................
.<..<............................


You could see a crystal golem, a frost giant, a stone giant, 2 vault wardens, a
tengu reaver, an ettin, an orc high priest, a deep troll, a smoke demon, a
ynoxinul, an orc sorcerer, an orc and a friendly water elemental.

Vanquished Creatures
  Saint Roka (Depths:5)
  Norris (Vaults:1)
  Mara (Depths:4)
  7 golden dragons
  A bone dragon (Depths:6)
  An illusory Mara (Depths:4)
  Frederick (Depths:5)
  Nikola (Spider:1)
  2 liches (Depths:5)
  3 tentacled monstrosities
  2 quicksilver dragons (Depths:5)
  2 titans
  4 krakens
  2 storm dragons (Vaults:5)
  Rupert (D:14)
  6 shadow dragons
  4 sphinxes
  A draconian monk (Depths:6)
  8 tengu reavers
  Roxanne (Spider:5)
  Ilsuiw (Shoals:5)
  13 vault wardens
  Donald (Vaults:1)
  Wiglaf (Vaults:1)
  5 fire giants
  4 ghost moths (Spider:5)
  An orc warlord (Vaults:4)
  5 emperor scorpions
  7 frost giants
  Gastronok (Lair:2)
  A draconian shifter (Depths:6)
  A draconian annihilator (Depths:6)
  A vampire knight (Depths:4)
  2 spriggan defenders
  A green draconian (Depths:6)
  38 stone giants
  A pale draconian (Depths:6)
  3 white draconians (Depths:6)
  A mottled draconian (Depths:5)
  A red draconian (Depths:6)
  5 merfolk javelineers
  2 black draconians
  4 spriggan air magi
  19 ettins
  29 vault guards
  2 minotaurs
  7 merfolk impalers
  A deep elf death mage (Depths:4)
  The ghost of BlessedChild the Spear-Bearer, a powerful DrAK of Lugonu (Lair:3)
  23 yaktaur captains
  2 sirens (Shoals:4)
  3 fire dragons
  A great orb of eyes (shapeshifter) (Depths:5)
  6 ironheart preservers
  3 merfolk aquamancers
  A ravenous feature mimic (Vaults:2)
  5 ice dragons
  13 hydras
  A salamander firebrand (Depths:6)
  3 great orbs of eyes
  Erica (D:12)
  An alligator snapping turtle (Shoals:5)
  2 satyrs
  13 deep troll earth magi
  12 ogre magi
  3 spriggan berserkers
  A spriggan enchanter (Depths:4)
  17 death yaks
  15 deep troll shamans
  4 tengu warriors
  22 centaur warriors
  2 rakshasas (Depths:4)
  A plague shambler (Vaults:2)
  Urug (D:10)
  5 orc high priests
  17 very ugly things
  A soul eater (Depths:6)
  An iron golem (Vaults:2)
  6 skeletal warriors
  A catoblepas (Lair:8)
  2 fire crabs
  4 hell knights
  3 large abominations (Depths:1)
  4 iron trolls
  2 deep elf knights (Vaults:4)
  An unseen horror (Depths:1)
  An ice devil (Depths:4)
  35 deep trolls
  A flayed ghost (Depths:5)
  A sea snake (shapeshifter) (Vaults:5)
  A giant amoeba (Vaults:2)
  7 sea snakes
  A swamp dragon (shapeshifter) (Depths:5)
  A lindwurm (Lair:8)
  27 harpies
  20 hill giants
  6 water nymphs
  A hellion (Depths:6)
  11 orc knights
  2 necromancers (Depths:5)
  12 griffons
  3 wizards
  9 cyclopes
  2 deep elf conjurers
  4 phantasmal warriors
  10 red wasps
  5 orc sorcerers
  10 ironbrand convokers
  A moth of wrath (Spider:5)
  36 wolf spiders
  A cyclops (shapeshifter) (Vaults:5)
  A shining eye (shapeshifter) (Depths:4)
  12 vault sentinels
  A red wasp (shapeshifter) (Depths:5)
  3 spiny worms
  An eye of devastation (D:14)
  8 elephants
  A guardian serpent (shapeshifter) (Vaults:3)
  A deep elf summoner (Vaults:4)
  2 salamander mystics
  5 octopodes
  6 black mambas
  The ghost of darksquall the Grave Robber, an experienced NaNe (D:6)
  8 fauns
  A spiny frog (shapeshifter) (Depths:3)
  Psyche (Orc:1)
  12 spiny frogs
  5 tengu conjurers
  A yaktaur (shapeshifter) (Vaults:1)
  2 hellwings
  3 feature mimics
  2 item mimics
  17 mermaids
  64 yaktaurs
  4 salamanders
  2 iron devils (Vaults:3)
  15 orb spiders
  14 demonic crawlers
  37 merfolk
  4 fire drakes
  A red devil (Depths:6)
  3 komodo dragons
  11 trolls
  2 giant fireflies (shapeshifter)
  8 spriggans
  4 deep elf priests
  3 wind drakes (Shoals:5)
  2 spriggans (shapeshifter) (Vaults:2)
  A queen bee (shapeshifter) (Depths:1)
  28 slime creatures
  8 ravens
  A polar bear (Lair:6)
  Prince Ribbit (Lair:2)
  9 snapping turtles
  A human simulacrum (Vaults:2)
  24 jumping spiders
  2 komodo dragons (shapeshifter)
  30 two-headed ogres
  13 blink frogs
  47 redbacks
  3 giant fireflies
  A griffon zombie (D:15)
  2 ravens (shapeshifter)
  A trapdoor spider zombie (D:10)
  2 grizzly bears
  2 basilisks
  A grizzly bear (shapeshifter) (Depths:1)
  4 boulder beetles
  18 trapdoor spiders
  32 tarantellas
  5 air elementals
  21 water elementals
  7 chaos spawn (Depths:1)
  95 ugly things
  4 deep elf magi
  16 sharks
  43 yaks
  3 shadows
  3 formicids
  2 elephant slugs
  3 wraiths
  A wyvern (shapeshifter) (D:15)
  A demonspawn (shapeshifter) (Depths:6)
  13 manticores
  7 vampires
  Eustachio (D:4)
  A golden eye (shapeshifter) (D:16)
  5 wyverns
  A yaktaur simulacrum (Vaults:1)
  A manticore (shapeshifter) (Vaults:5)
  2 hungry ghosts
  A spiny worm zombie (D:15)
  3 deep elf fighters (Vaults:2)
  A hill giant skeleton (D:13)
  2 mottled dragons (D:15)
  A spriggan skeleton (Lab)
  22 vampire mosquitoes
  17 hippogriffs
  A redback simulacrum (Vaults:1)
  2 necrophages
  3 ice beasts
  46 orc warriors
  7 porcupines
  A swamp drake (Lair:3)
  A naga (D:16)
  6 sky beasts
  5 wolves (Lair:8)
  6 freezing wraiths
  A yellow wasp (Spider:5)
  A black bear (Lair:3)
  A black bear (shapeshifter) (Depths:4)
  An orc zombie (D:14)
  An ettin simulacrum (Vaults:3)
  3 giant goldfish
  41 centaurs
  47 ogres
  A phantom (D:11)
  4 small abominations (Depths:1)
  22 crocodiles
  An ogre (shapeshifter) (Depths:1)
  Sigmund (D:2)
  Duvessa (D:5)
  9 wargs
  3 orc skeletons
  11 water moccasins
  A brain worm (D:16)
  21 giant frogs
  2 big kobolds
  13 giant slugs
  A cyclops zombie (D:14)
  13 agate snails
  A komodo dragon skeleton (D:11)
  6 wights
  6 jellyfish
  11 killer bees
  A troll skeleton (Lab)
  A pulsating lump (shapeshifter) (D:16)
  44 spiders
  Dowan (D:5)
  11 crimson imps
  A vampire bat (D:3)
  4 big fish
  6 goliath beetles
  A centaur zombie (D:10)
  2 jellies
  51 orc priests
  9 electric eels
  Crazy Yiuf (D:7)
  4 centaur skeletons
  11 hounds
  10 iguanas
  2 giant frog skeletons
  58 orc wizards
  6 scorpions
  6 worker ants
  7 orange rats
  22 sheep
  2 ogre skeletons
  17 boggarts
  A hound skeleton (D:7)
  2 mummies
  80 green rats
  32 adders
  A shadow imp (Depths:3)
  A giant centipede (Lair:2)
  2 giant mites
  A white imp (Depths:2)
  4 worms
  An inept feature mimic (D:9)
  An ufetubus (Vaults:5)
  An iguana skeleton (D:5)
  5 grey rats
  3 fire bats (D:3)
  8 giant eyeballs
  2 oozes
  235 orcs
  2 spectral bats (D:3)
  2 ball pythons
  36 bats
  A bat simulacrum (D:3)
  3 bat skeletons (D:3)
  2 bat zombies
  6 giant cockroaches
  19 hobgoblins
  26 jackals
  4 giant geckos
  5 giant newts
  22 goblins
  A hobgoblin skeleton (D:8)
  An illusory rakshasa (Depths:4)
  A jackal skeleton (D:7)
  27 kobolds
  10 quokkas
  29 rats
  A rat skeleton (D:4)
  2 fungi
  34 plants
  14 tentacles
2609 creatures vanquished.

Vanquished Creatures (collateral kills)
  A merfolk javelineer (Shoals:5)
  Snorg (Lair:3)
  4 merfolk impalers (Shoals:5)
  A yaktaur captain (Vaults:5)
  An ogre mage (Depths:2)
  A hydra (Lair:1)
  A slime creature (D:16)
  An octopode (Shoals:5)
  2 yaktaurs (D:15)
  A komodo dragon (Lair:1)
  A mermaid (Shoals:5)
  A fire dragon zombie (D:16)
  2 water elementals (Shoals:5)
  2 yaks (D:16)
  2 sharks (Lair:3)
  A porcupine (Lair:1)
  A crimson imp (D:15)
  A sheep (Lair:3)
  4 green rats (Lair:3)
  A bat (Lair:1)
  2 plants
32 creatures vanquished.

Vanquished Creatures (others)
  2 stone giants
  A drowned soul (Shoals:4)
  A two-headed ogre (Depths:1)
  A troll (Depths:2)
  A tarantella (Spider:2)
  A formicid (Spider:2)
  A redback (Spider:2)
  2 orc warriors (Vaults:5)
  A spider (Spider:2)
  2 boggarts (Depths:4)
  A giant eyeball (Depths:1)
  An orc (Vaults:5)
  A fungus (Lair:5)
  30 plants
  23 tentacles
  621 tentacle segments
690 creatures vanquished.

Grand Total: 3331 creatures vanquished

Notes
Turn   | Place    | Note
--------------------------------------------------------------
     0 | D:1      | Egon, the Draconian Berserker, began the quest for the Orb.
     0 | D:1      | Reached XP level 1. HP: 19/19 MP: 1/1
   187 | D:1      | Reached XP level 2. HP: 16/27 MP: 2/2
   527 | D:1      | Acquired Trog's second power
   672 | D:2      | Reached skill level 4 in Fighting
   729 | D:2      | Reached XP level 3. HP: 22/33 MP: 3/3
   878 | D:2      | Found a burning altar of Makhleb.
  1039 | D:2      | Noticed Sigmund
  1051 | D:2      | Killed Sigmund
  1051 | D:2      | Reached XP level 4. HP: 41/41 MP: 4/4
  1051 | D:2      | Reached XP level 5. HP: 47/47 MP: 5/5
  1421 | D:3      | Reached skill level 5 in Fighting
  1516 | D:3      | Reached XP level 6. HP: 52/56 MP: 6/6
  1634 | D:3      | Acquired Trog's third power
  2031 | D:4      | Noticed Eustachio
  2044 | D:4      | Killed Eustachio
  2044 | D:4      | Reached skill level 5 in Axes
  2298 | D:4      | Reached skill level 6 in Fighting
  2298 | D:4      | Your scales start taking on a lurid green colour.
  2298 | D:4      | Gained mutation: Your system is resistant to poisons. [draconian maturity]
  2298 | D:4      | Reached XP level 7. HP: 49/63 MP: 7/7
  2756 | D:4      | Found a sparkling altar of Nemelex Xobeh.
  2836 | D:5      | Entered Level 5 of the Dungeon
  3326 | D:5      | Noticed Duvessa
  3326 | D:5      | Noticed Dowan
  3356 | D:5      | Killed Duvessa
  3578 | D:5      | Reached skill level 5 in Dodging
  3810 | D:5      | Found a burning altar of Makhleb.
  3905 | D:6      | Reached XP level 8. HP: 71/71 MP: 8/8
  4108 | D:5      | Reached skill level 7 in Fighting
  4257 | D:5      | Killed Dowan
  4667 | D:6      | Received a gift from Trog
  4776 | D:6      | Noticed darksquall's ghost (experienced NaNe)
  4787 | D:6      | Killed darksquall's ghost
  4787 | D:6      | Reached skill level 8 in Fighting
  5038 | D:6      | Reached XP level 9. HP: 79/81 MP: 3/9
  5127 | D:7      | Found a staircase to the Ecumenical Temple.
  5141 | Temple   | Entered the Ecumenical Temple
  5444 | D:7      | Noticed Crazy Yiuf
  5449 | D:7      | Killed Crazy Yiuf
  5694 | D:7      | Found a glowing golden altar of the Shining One.
  5694 | D:7      | Found a basalt altar of Yredelemnul.
  5695 | D:7      | Noticed an angel
  5707 | D:7      | Noticed a profane servitor
  5793 | D:7      | Reached skill level 9 in Fighting
  6378 | D:8      | Found a bloodstained altar of Trog.
  6381 | D:8      | Found a deep blue altar of Sif Muna.
  6381 | D:8      | Found a shattered altar of Ashenzari.
  6382 | D:8      | Found a blossoming altar of Fedhas.
  6386 | D:8      | Found a sparkling altar of Nemelex Xobeh.
  6463 | D:8      | Found a staircase to the Lair.
  6623 | Lair:1   | Entered Level 1 of the Lair of Beasts
  6623 | Lair:1   | Noticed a spiny frog
  6633 | Lair:1   | Killed a spiny frog
  6665 | Lair:1   | Received a gift from Trog
  6813 | Lair:1   | Reached XP level 10. HP: 89/93 MP: 3/10
  6825 | Lair:1   | Reached skill level 10 in Fighting
  7167 | Lair:1   | Noticed a fire drake
  7173 | Lair:1   | Killed a fire drake
  7539 | Lair:1   | Noticed a four-headed hydra
  7545 | Lair:1   | Killed a four-headed hydra
  7954 | D:9      | Reached skill level 10 in Axes
  8640 | D:10     | Entered Level 10 of the Dungeon
  8949 | D:10     | Reached skill level 11 in Fighting
  9218 | D:10     | Noticed Urug
  9242 | D:10     | Killed Urug
  9242 | D:10     | Reached XP level 11. HP: 102/102 MP: 3/11
  9287 | D:10     | Noticed a hill giant
  9316 | D:10     | Killed a hill giant
 10086 | D:11     | Identified a scroll of acquirement
 10183 | D:11     | Received a gift from Trog
 10306 | D:11     | Noticed a hill giant
 10314 | D:11     | Killed a hill giant
 10643 | D:11     | Reached skill level 1 in Shields
 10717 | D:11     | Found a staircase to the Orcish Mines.
 10998 | D:12     | Noticed Erica
 11014 | D:12     | Killed Erica
 11014 | D:12     | Reached skill level 10 in Dodging
 11035 | D:12     | Reached skill level 12 in Fighting
 11122 | D:12     | Noticed a hill giant
 11146 | D:12     | Killed a hill giant
 11218 | D:12     | Found a white marble altar of Elyvilon.
 11304 | D:12     | Noticed a hill giant
 11320 | D:12     | Killed a hill giant
 11463 | D:12     | Reached XP level 12. HP: 113/113 MP: 4/12
 11912 | D:13     | Received a gift from Trog
 12213 | D:13     | Found a labyrinth entrance.
 12217 | Lab      | Entered a labyrinth
 13533 | Lab      | Noticed a minotaur
 13542 | Lab      | Killed a minotaur
 13542 | Lab      | Reached skill level 5 in Shields
 13544 | Lab      | Got a crystal broad axe {flame}
 13547 | Lab      | Identified the +7,+10 broad axe of Beh Uwun {flame, Dex+3} (You took it off a minotaur in a labyrinth)
 13551 | Lab      | Got a transparent glass ring
 13975 | D:13     | Reached skill level 13 in Fighting
 14440 | D:14     | Noticed Rupert
 14453 | D:14     | Killed Rupert
 14699 | D:15     | Entered Level 15 of the Dungeon
 15362 | D:15     | Reached XP level 13. HP: 83/122 MP: 20/20
 15714 | D:15     | Found a gate to the Vaults.
 16076 | D:15     | Noticed a yaktaur captain
 16085 | D:15     | Killed a yaktaur captain
 16085 | D:15     | Reached skill level 5 in Evocations
 16246 | D:16     | Entered Level 16 of the Dungeon
 16677 | D:16     | Found a staircase to the Depths.
 16708 | D:16     | Received a gift from Trog
 16862 | D:16     | Reached skill level 14 in Fighting
 17757 | D:16     | Identified the ring of the Doge {MP+9 Str+2 Dam-5} (You found it in a labyrinth)
 18284 | Lair:2   | Noticed Prince Ribbit
 18344 | Lair:2   | Gained mutation: Your tail ends in a poisonous barb. [draconian growth]
 18344 | Lair:2   | Reached XP level 14. HP: 108/133 MP: 24/24
 18392 | Lair:2   | Killed Prince Ribbit
 18568 | Lair:2   | Received a gift from Trog
 18592 | Lair:2   | Noticed Gastronok
 18625 | Lair:2   | Killed Gastronok
 19266 | Lair:3   | Noticed BlessedChild's ghost (powerful DrAK)
 19286 | Lair:3   | Killed BlessedChild's ghost
 19598 | Lair:3   | Noticed Snorg
 19607 | Lair:3   | Killed Snorg
 20096 | Lair:3   | Found a staircase to the Swamp.
 20677 | Lair:3   | Received a gift from Trog
 20947 | Lair:4   | Reached skill level 15 in Fighting
 21343 | Lair:3   | Received a gift from Trog
 21345 | Lair:3   | Got a dazzling war axe {god gift}
 21346 | Lair:3   | Identified the -1,+2 war axe of Olismenu {freeze, rC+} (Trog gifted it to you on level 3 of the Lair of Beasts)
 21431 | Lair:4   | Got a shimmering tin ring
 22087 | Lair:5   | Found a staircase to the Shoals.
 22495 | Lair:6   | Reached skill level 10 in Shields
 22561 | Lair:6   | Received a gift from Trog
 22717 | Lair:6   | Found a hole to the Spider Nest.
 23245 | Lair:6   | Found a staircase to the Slime Pits.
 23903 | Lair:7   | Identified Zyeliog's Catalogue of Attacks (You found it on level 7 of the Lair of Beasts)
 24033 | Lair:7   | Received a gift from Trog
 24567 | Lair:8   | Entered Level 8 of the Lair of Beasts
 24708 | Lair:8   | Reached XP level 15. HP: 141/141 MP: 28/28
 24807 | Lair:8   | Received a gift from Trog
 25106 | Lair:8   | Reached skill level 10 in Evocations
 25313 | Lair:8   | Received a gift from Trog
 26108 | Lair:8   | Reached skill level 16 in Fighting
 26127 | Lair:8   | Got a fine pewter ring
 26157 | Lair:8   | Identified the ring of Ekliost {rPois Dex+2 Int+2} (You found it on level 8 of the Lair of Beasts)
 26689 | Orc:1    | Entered Level 1 of the Orcish Mines
 26731 | Orc:1    | Noticed Psyche
 26741 | Orc:1    | Killed Psyche
 27165 | Orc:1    | Received a gift from Trog
 27447 | Orc:2    | Found a burning altar of Makhleb.
 27947 | Orc:3    | Received a gift from Trog
 27948 | Orc:3    | Got a jewelled war axe {god gift}
 27955 | Orc:3    | Identified the +3,+6 war axe of Kla Long {chop, MR++ Dex+4} (Trog gifted it to you on level 3 of the Orcish Mines)
 27992 | Orc:3    | Found a staircase to the Elven Halls.
 28559 | Orc:4    | Entered Level 4 of the Orcish Mines
 28559 | Orc:4    | Found Ifewk's Magic Scroll Shoppe.
 28682 | Orc:4    | Received a gift from Trog
 29064 | Orc:4    | Bought a scroll of identify for 28 gold pieces
 29064 | Orc:4    | Bought a scroll of identify for 28 gold pieces
 29064 | Orc:4    | Bought a scroll of identify for 28 gold pieces
 29064 | Orc:4    | Bought a scroll of enchant weapon I for 77 gold pieces
 29064 | Orc:4    | Bought a scroll of enchant weapon II for 77 gold pieces
 29222 | Lair:1   | Identified the ring of Xuredar {rF- MR++ Int+1} (You found it on level 4 of the Lair of Beasts)
 29781 | Orc:4    | Received a gift from Trog
 30123 | Orc:4    | Reached skill level 15 in Axes
 30234 | Orc:4    | Found Xauhok's Food Shop.
 30234 | Orc:4    | Found Culelan's Distillery.
 30235 | Orc:4    | Found Gant's Antique Weapon Boutique.
 30243 | Orc:4    | Found Maimio Negi's Distillery.
 30381 | Orc:4    | Received a gift from Trog
 30524 | Orc:4    | Paralysed by an orc sorcerer for 7 turns
 30889 | Lair:3   | the staircase to the Swamp was a mimic.
 30964 | Shoals:1 | Entered Level 1 of the Shoals
 32583 | Shoals:2 | Noticed a kraken
 32610 | Shoals:2 | Killed a kraken
 32835 | Shoals:2 | Received a gift from Trog
 32959 | Shoals:2 | Reached XP level 16. HP: 88/152 MP: 29/29
 34185 | Shoals:3 | Found Hoisyis' Magic Scroll Shop.
 34295 | Shoals:3 | Bought a scroll of teleportation for 63 gold pieces
 34387 | Shoals:3 | Reached skill level 17 in Fighting
 35019 | Shoals:3 | Received a gift from Trog
 36555 | Shoals:4 | Upgraded the game from 0.14-a0-2340-g8df0fbc to 0.14-a0-2359-g1e808ab
 36558 | Shoals:5 | Entered Level 5 of the Shoals
 36922 | Shoals:5 | Got a barnacled rune of Zot
 36964 | Shoals:5 | Received a gift from Trog
 37328 | Shoals:5 | Noticed Ilsuiw
 37341 | Shoals:5 | Reached XP level 17. HP: 153/163 MP: 30/30
 37401 | Shoals:5 | Killed Ilsuiw
 37424 | Shoals:5 | Got a fine bronze ring
 37429 | Shoals:5 | Identified the ring "Trosiu" {+Fly rF- Dam-1} (You found it on level 5 of the Shoals)
 38249 | Shoals:5 | Reached skill level 18 in Fighting
 38499 | Shoals:5 | Got a jewelled battleaxe
 38500 | Shoals:5 | Identified the +7,+9 battleaxe "Phagon" {flame, +Fly rN+} (You found it on level 5 of the Shoals)
 38763 | Shoals:5 | Received a gift from Trog
 39211 | Depths:1 | Entered Level 1 of the Depths
 40785 | Depths:1 | Received a gift from Trog
 40850 | Depths:1 | Found a gateway to Hell.
 41556 | Depths:1 | Found a one-way gate to the infinite horrors of the Abyss.
 41722 | Depths:1 | Received a gift from Trog
 41743 | Depths:1 | Got an iridescent war axe {god gift}
 41744 | Depths:1 | Identified the -2,+13 war axe of Citwoaci {holy, +Inv} (Trog gifted it to you on level 1 of the Depths)
 41824 | Depths:2 | Paralysed by a giant eyeball for 4 turns
 42735 | Depths:2 | Reached skill level 19 in Fighting
 42735 | Depths:2 | Reached XP level 18. HP: 163/176 MP: 31/31
 43122 | Depths:2 | Received a gift from Trog
 43296 | Depths:2 | Reached skill level 15 in Shields
 43912 | Depths:3 | Paralysed by a giant eyeball for 2 turns
 44705 | Depths:3 | Noticed a golden dragon
 44730 | Depths:3 | Killed a golden dragon
 44768 | Depths:3 | Noticed a golden dragon
 44785 | Depths:3 | Killed a golden dragon
 44802 | Depths:3 | Received a gift from Trog
 45120 | Depths:3 | Found Aleupnasi's Armour Shop.
 45641 | Depths:3 | Found a one-way gate leading to the halls of Pandemonium.
 45687 | Depths:3 | Received a gift from Trog
 46209 | Depths:4 | Found a gateway to a ziggurat.
 46214 | Depths:4 | Reached XP level 19. HP: 182/184 MP: 32/32
 46298 | Depths:4 | Reached skill level 20 in Fighting
 46496 | Depths:4 | Noticed a golden dragon
 46527 | Depths:4 | Killed a golden dragon
 46938 | Depths:4 | Noticed Mara
 46939 | Depths:4 | Noticed Mara
 46943 | Depths:4 | Noticed Egon's illusion
 46950 | Depths:4 | Killed Mara
 46955 | Depths:4 | Noticed Mara
 46967 | Depths:4 | Killed Mara
 47697 | Depths:4 | Gained mutation: You heal slowly when monsters are visible. [a shining eye]
 48676 | Lair:1   | Identified a -1 rod of venom (9/9) (You found it on level 2 of the Depths)
 48819 | Spider:1 | Entered Level 1 of the Spider Nest
 48862 | Spider:1 | Received a gift from Trog
 49343 | Spider:2 | Noticed Nikola
 49718 | Spider:1 | Killed Nikola
 50699 | Spider:3 | Received a gift from Trog
 51619 | Spider:4 | Got a polished battleaxe
 51667 | Spider:4 | Received a gift from Trog
 51757 | Spider:4 | Identified the +7,+7 battleaxe of Chedgh {flame, +Blink Str+2 Dex+3} (You found it on level 4 of the Spider Nest)
 52241 | Spider:5 | Entered Level 5 of the Spider Nest
 52355 | Spider:5 | Noticed Roxanne
 53060 | Spider:5 | Received a gift from Trog
 53060 | Spider:5 | Reached XP level 20. HP: 179/195 MP: 0/32
 53515 | Spider:5 | Got a gossamer rune of Zot
 53803 | Spider:5 | Killed Roxanne
 53803 | Spider:5 | Received a gift from Trog
 54380 | Depths:1 | Reached skill level 21 in Fighting
 55299 | Depths:5 | Noticed Frederick
 55695 | Depths:5 | Killed Frederick
 55877 | Depths:5 | Received a gift from Trog
 56106 | Depths:5 | Noticed Saint Roka
 56279 | Depths:4 | Noticed a golden dragon
 56305 | Depths:4 | Killed a golden dragon
 57118 | Depths:5 | Killed Saint Roka
 57785 | Depths:5 | Reached skill level 22 in Fighting
 57864 | Depths:5 | Received a gift from Trog
 58484 | Depths:6 | Entered Level 6 of the Depths
 58661 | Depths:6 | Reached XP level 21. HP: 207/207 MP: 33/33
 58957 | Depths:6 | Found Waiw Ila's Food Shop.
 59450 | Depths:5 | Paralysed by a lich for 2 turns
 59859 | Depths:6 | Reached skill level 15 in Dodging
 60037 | Depths:6 | Found a gate to the Realm of Zot.
 60043 | Depths:6 | Noticed a golden dragon
 60388 | Depths:6 | Killed a golden dragon
 60949 | Depths:6 | Identified a +0 cloak of preservation (You took it off a green draconian on level 6 of the Depths)
 61135 | Depths:6 | Received a gift from Trog
 61423 | Depths:6 | Reached skill level 23 in Fighting
 61939 | Vaults:1 | Entered Level 1 of the Vaults
 62716 | Vaults:1 | Noticed Norris
 62738 | Vaults:1 | Killed Norris
 62738 | Vaults:1 | Received a gift from Trog
 63021 | Vaults:1 | Noticed Donald
 63041 | Vaults:1 | Killed Donald
 63532 | Vaults:1 | Noticed Wiglaf
 63549 | Vaults:1 | Killed Wiglaf
 64155 | Vaults:2 | Reached XP level 22. HP: 220/220 MP: 34/34
 64724 | Vaults:2 | Received a gift from Trog
 64856 | Vaults:2 | Found Threchasm's Book Boutique.
 65504 | Vaults:2 | Found a staircase to the Crypt.
 65690 | Vaults:3 | Reached skill level 24 in Fighting
 65997 | Vaults:3 | Received a gift from Trog
 66044 | Vaults:3 | Gained mutation: Your muscles are strong. (Str +2) [potion of beneficial mutation]
 66399 | Vaults:3 | Found a staircase to the Hall of Blades.
 66797 | Vaults:3 | Received a gift from Trog
 68897 | Vaults:4 | Received a gift from Trog
 69954 | Vaults:5 | Entered Level 5 of the Vaults
 70045 | Vaults:5 | Reached XP level 23. HP: 136/232 MP: 34/34
 70246 | Vaults:5 | Reached skill level 25 in Fighting
 70750 | Vaults:5 | Got a silver rune of Zot
 70864 | Vaults:5 | Received a gift from Trog
 72014 | Vaults:5 | Received a gift from Trog
 72429 | Vaults:5 | Got an uncursed faintly glowing longbow {frost}
 72634 | Vaults:5 | Got a steaming dagger
 72766 | Vaults:5 | Got a transparent glass ring
 72769 | Vaults:5 | Reached skill level 26 in Fighting
 72852 | Vaults:5 | Slain by a vault warden

Action                   |  1- 3 |  4- 6 |  7- 9 | 10-12 | 13-15 | 16-18 | 19-21 | 22-24 || total
-------------------------+-------+-------+-------+-------+-------+-------+-------+-------++-------
Melee: Hand axe          |   126 |   226 |   310 |       |       |       |       |       ||   662
       Broad axe         |       |       |   172 |   620 |  1442 |  1144 |  1723 |   958 ||  6059
       War axe           |       |       |       |       |       |    71 |    39 |    35 ||   145
Invok: Berserk           |     1 |     1 |     8 |     7 |    13 |    11 |    20 |    19 ||    80
       Trog's Hand       |     1 |       |       |     1 |     2 |    11 |     8 |     5 ||    28
       Brothers in Arms  |       |       |       |     2 |     2 |     4 |     1 |     1 ||    10
       Burn Spellbooks   |       |       |       |     2 |     3 |     3 |     8 |     6 ||    22
 Abil: Breathe Noxious F |       |       |    23 |    57 |    67 |    58 |    68 |    24 ||   297
       Evoke Flight      |       |       |       |       |       |     2 |       |       ||     2
       Evoke Invisibilit |       |       |       |       |       |       |     1 |       ||     1
Evoke: Wand              |       |       |       |     7 |     9 |    10 |    10 |       ||    36
       Phial of floods   |       |       |       |       |       |       |       |     1 ||     1
  Use: Scroll            |       |     1 |    14 |    13 |    12 |    11 |     8 |     9 ||    68
       Potion            |       |       |       |     1 |     2 |     5 |     5 |     5 ||    18
 Stab: Sleeping          |       |     3 |     4 |     6 |    17 |     4 |     7 |     3 ||    44
       Confused          |       |       |    10 |    40 |    57 |    42 |    44 |    19 ||   212
       Paralysed         |       |       |       |     5 |       |       |       |       ||     5
       Distracted        |       |       |       |     1 |     5 |     1 |     1 |     2 ||    10
       Fleeing           |       |       |       |       |       |     1 |       |       ||     1
